← All builds
Tech / Armada / Economy first / OBSERVED BUILD

Standard tech

Armada Tech (Eco) build order · Supreme Isthmus

Rushes T2 factory and T2 constructor to supply the team, upgrading mexes first and sending the first T2 constructor to Geo before scaling its own eco.

Usually first T2 con to Geo (82%)

#eco #t2 #team support · 1779 distinct matches · 271 players · 59% of Armada Tech games · team won 54% of 2103 · Recently observed

HOW TO PLAY IT

Key timing: T2 factory by 4:15

  1. Open 3 mex and heavy wind to fund a fast T2 rush.
  2. Put down Bot Lab, planning to eat it for reclaim soon after.
  3. Get Advanced Bot Lab up, hitting the T2 factory rush timing.
  4. Upgrade mex to Advanced Metal Extractor to lock in team metal income.
  5. Eat Advanced Bot Lab and keep sending cons to Geo and Pond.

Phase by phase

TYPICAL OF ITS 1779 GAMES
  1. 1
  2. 2
  3. 3
  4. 4
PLAY THE OPENING

Follow the example game's first 6:00 step by step: what to build now, what comes next, and where it goes. At 1× it keeps pace with your own game.

  1. 1

    Up to the Bot Lab

    Economy
    • Metal Extractor3Mex
    • Wind Turbine4Wind
    Order
    1. Bot LabBot Lab after 3 mex, 4 winddone ~1:18, middle half 1:13–1:32

    Some games also: energy storage (32%)

    By 1:01 in all: 3 mex · 4 wind

    The example game in this phase · 3 steps
    1. Mex ×3
    2. Wind ×4
    3. Bot LabBot Labdone 1:17 · typical 1:18
  2. 2

    Bot Lab to Advanced Bot Lab

    Economy
    • Metal Extractor1Mex
    • Wind Turbine8Wind
    • Energy Storage1Energy storage
    Order
    1. Advanced Bot LabAdvanced Bot Lab after 4 mex, 12 wind, 3 con turretdone ~4:16, middle half 4:04–4:30
    Builders
    • Construction Turret3 Con turret
    • Lazarus3 Lazarus
    • Construction Bot2 Con bot
    • Construction Bot1 Con bot for allies

    Some games also: converter (36%)

    By 3:18 in all: 4 mex · 12 wind · 1 energy storage · 3 con turret

    The example game in this phase · 13 steps
    1. Construction BotCon bot
    2. LazarusLazarusfor unknown
    3. Wind ×2
    4. LazarusLazarus
    5. Mex
    6. Wind ×4
    7. Energy storage
    8. LazarusLazarus
    9. Con turret
    10. Construction BotCon botfor Air
    11. Con turret ×2
    12. LazarusLazarus
    13. Advanced Bot LabAdvanced Bot Labdone 4:19 · typical 4:16
  3. 3

    Advanced Bot Lab to 5:00

    Economy
    • Wind Turbine3Wind
    Order
    1. Bot LabEat Bot Lab
    Builders
    • Advanced Construction Bot1 T2 con bot for allies

    Some games also: converter (35%)

    By 5:00 in all: 4 mex · 15 wind · 1 converter · 1 energy storage · 3 con turret

    The example game in this phase · 4 steps
    1. Bot LabEat Bot Labreclaimed for its metal
    2. Advanced Construction BotT2 con botfor Geo
    3. Advanced Metal ExtractorT2 mexdone 4:58 · typical 5:28
    4. Advanced Construction BotT2 con botfor Air
  4. 4

    5:00 to 10:00

    Economy
    • Wind Turbine43Wind
    • Energy Converter6Converter
    Builders
    • Butler9 Butler
    • Advanced Construction Bot4 T2 con bot for allies
    • Advanced Construction Bot1 T2 con bot

    Some games also: con turret (42%) · Butler for allies (36%)

    By 10:00 in all: 4 mex · 59 wind · 8 converter · 1 energy storage · 3 con turret

    The example game in this phase · 226 steps
    1. Advanced Metal ExtractorT2 mex
    2. Advanced Construction BotT2 con botfor Geo sea
    3. Advanced Metal ExtractorT2 mex
    4. Advanced Construction BotT2 con botfor Pond
    5. ButlerButler ×2
    6. Advanced Metal ExtractorT2 mex
    7. Advanced Construction BotT2 con botfor unknown
    8. Wind ×3
    9. ButlerButler
    10. Wind
    11. ButlerButler ×2
    12. Wind
    13. ButlerButler
    14. Wind ×2
    15. ButlerButler
    16. Wind ×2
    17. ButlerButler
    18. Wind ×2
    19. ButlerButler
    20. Converter
    21. Wind ×3
    22. Converter
    23. Wind ×3
    24. ButlerButler
    25. Wind ×2
    26. Converter
    27. Wind ×3
    28. ButlerButler
    29. Wind ×2
    30. Converter
    31. Wind ×5
    32. ButlerButler
    33. Wind
    34. Converter
    35. Wind ×5
    36. ButlerButler
    37. Wind
    38. Converter
    39. Wind
    40. Converter
    41. Wind ×5
    42. ButlerButlerfor Geo sea
    43. Converter
    44. Wind
    45. Converter
    46. Wind ×4
    47. Converter
    48. Wind
    49. UmbrellaAnti-nukedone 10:46
    50. Wind ×2
    51. Converter
    52. Wind
    53. Converter
    54. Wind ×4
    55. Converter
    56. Wind ×2
    57. Converter
    58. Wind ×3
    59. Converter
    60. Wind ×3
    61. Converter
    62. Wind ×3
    63. Converter
    64. Wind ×3
    65. Converter
    66. Wind ×2
    67. Converter
    68. Wind ×3
    69. Converter
    70. Wind ×3
    71. Converter
    72. Wind ×2
    73. Converter
    74. Wind ×4
    75. Converter
    76. Wind
    77. Converter
    78. Wind ×2
    79. Converter
    80. Wind ×2
    81. Converter
    82. Wind ×3
    83. Converter
    84. Wind ×2
    85. Converter
    86. Wind
    87. Converter
    88. Wind ×3
    89. Converter
    90. Advanced Construction BotT2 con bot
    91. Wind
    92. Converter
    93. Wind ×4
    94. Converter ×2
    95. Wind ×3
    96. Converter
    97. Metal storage
    98. Converter
    99. Fusion ReactorFusiondone 12:55
    100. Converter
    101. Con turret
    102. Converter
    103. Wind ×3
    104. Converter ×2
    105. Wind ×2
    106. Con turret
    107. Wind ×3
    108. Converter ×2
    109. Wind ×2
    110. Converter
    111. Wind
    112. Con turret
    113. Converter
    114. Wind
    115. Converter
    116. Con turret
    117. Wind
    118. Converter
    119. Wind ×4
    120. Con turret
    121. Converter ×2
    122. Wind ×2
    123. Con turret
    124. Converter ×2
    125. Wind ×3
    126. Con turret
    127. Wind
    128. Converter ×2
    129. Con turret
    130. Converter
    131. Wind ×3
    132. Converter
    133. Wind ×2
    134. Converter
    135. Wind ×4
    136. Converter ×2
    137. Wind ×3
    138. Advanced Bot LabEat Advanced Bot Labreclaimed for its metal
    139. Wind ×2
    140. Con turret
    141. Converter
    142. Con turret
    143. Wind ×3
    144. Converter
    145. Con turret
    146. Wind
    147. Converter
    148. Wind ×3
    149. Con turret
    150. Wind
    151. Converter
    152. Wind
    153. Con turret ×2
    154. Converter
    155. Wind ×3
    156. Con turret
    157. Wind
    158. Converter
    159. Wind ×5
    160. Converter ×2
    161. Wind ×4
    162. Converter
    163. T2 converter
    164. Wind
    165. Converter
    166. Wind ×4
    167. Converter
    168. Advanced Fusion ReactorAdvanced Fusion Reactornot finished by 15:00
    169. Wind ×3
    170. Converter
    171. Wind
    172. Converter
    173. Wind
    174. Converter
    175. Wind ×3
    176. Converter
    177. Wind ×3
    178. Converter
    179. Wind ×2
    180. Converter
    181. Wind ×4
    182. Converter
    183. Dragon's TeethDragon's Teeth
    184. Wind
    185. Converter
    186. Wind ×2
    187. Dragon's TeethDragon's Teeth
    188. Wind
    189. Converter
    190. Wind
    191. Dragon's TeethDragon's Teeth
    192. Wind ×3
    193. Converter
    194. Wind
    195. Dragon's TeethDragon's Teeth
    196. Converter
    197. Wind
    198. Dragon's TeethDragon's Teeth
    199. Wind ×3
    200. Converter
    201. Dragon's TeethDragon's Teeth
    202. Wind
    203. Converter
    204. Wind
    205. Dragon's TeethDragon's Teeth
    206. Wind ×4
    207. Converter ×2
    208. Wind ×6
    209. Converter
    210. Wind ×2
    211. Converter ×3
    212. Wind ×4
    213. Converter
    214. Wind
    215. Converter
    216. Wind ×5
    217. Converter
    218. Wind
    219. Converter
    220. Wind ×5
    221. Converter
    222. Wind ×3
    223. Converter
    224. Wind
    225. Converter
    226. Wind ×2

Counts are medians over the build's games: half of them build more, half fewer. The example game is [Crd]Atlas's (32 OS, 07/09/2026); pick another.

Team trades

IN AT LEAST 30% OF ITS GAMES

You hand over

  • Construction Bot1 Con bot to Airfirst at 2:23 · in 83% of games
  • Advanced Construction Bot5 T2 con bot to Air or Pond or Geo seafirst at 4:51 · in 99% of games
  • Butler2 Butler to Geo sea or Beach sea or Pondfirst at 9:06 · in 42% of games

You get

  • Hercules1 Light transport from Airfirst at 4:01 · in 86% of games

How it plays out

Typical game of this build, running totals by minute

Metal produced

020k40k
0:005:0010:0015:00

metal

Enemy metal destroyed

050100
0:005:0010:0015:00

metal

Own metal lost

050100150
0:005:0010:0015:00

metal

2103 games.

Show as table
ByMetal produced: This buildEnemy metal destroyed: This buildOwn metal lost: This build
1:0038300
2:0091500
3:00165500
4:00314800
5:00484700
6:00580500
7:00724700
8:00908400
9:001121800
10:001354500
11:001626000
12:001967800
13:002346800
14:0027372074
15:003159093130
WHAT THE NUMBERS SAY

Standard Tech play barely fights at all early, instead pouring metal into T2 infrastructure and constructors for the team.

  • + Metal produced hits 31679 by 15:00, by far the highest of any role here.
  • + T2 factory reached in 97% of games by 4:15, fastest and most reliable T2 timing.
  • − Enemy metal destroyed stays at 0 through 10:00, no early offense at all.
  • − Own metal lost also near 0, showing total avoidance of combat risk.
THE EXAMPLE YOU ARE READING

[Crd]Atlas

32.4 OS · 07/09/2026

Open source match ↗

1 received units
1307 metal received · 37392 energy received

Allied construction assistance is unknown. Timings are observations, not a promise of solo reproducibility.

Typical milestones

Bot Lab1:18Middle 50%: 1:13–1:32 · n=2103
Advanced Bot Lab4:16Middle 50%: 4:04–4:30 · n=2096
Advanced Metal Extractor5:28Middle 50%: 5:05–5:58 · n=2099

Played most by

Amrissa97games of this buildTheGeneraI70games of this buildAdeus62games of this buildUncle_Cane60games of this buildCrouxy54games of this build